 Dungeon Crawl Stone Soup version 0.32-a0-39-g5c88369fb2 (webtiles) character file.

Game seed: 64036986891783922

238 Descartes the Conjurer (level 5, -1/28 HPs)
             Began as a Deep Elf Conjurer on Jan 27, 2024.
             Killed from afar by an orc wizard (10 damage)
             ... with a puff of flame
             ... on level 4 of the Dungeon.
             The game lasted 00:08:07 (3940 turns).

Descartes the Conjurer (Deep Elf Conjurer)          Turns: 3940, Time: 00:08:08

Health: -1/28      AC:  3    Str:  6    XL:     5   Next: 78%
Magic:  0/13       EV: 13    Int: 23    God:
Gold:   255        SH:  0    Dex: 13    Spells: 8/13 levels left

rFire   . . .        w - +2 short sword (venom)
rCold   . . .        (no shield)
rNeg    . . .        a - +0 robe
rPois   .            (no helmet)
rElec   .            t - +0 cloak
rCorr   .            (no gloves)
SInv    .            (no boots)
Will    .....        i - amulet of guardian spirit
Stlth   ++           (no ring)
HPRegen 0.24/turn    (no ring)
MPRegen 0.13/turn

%: guardian spirit
@: no status effects
A: no striking features
a: no special abilities


You were on level 4 of the Dungeon.
You visited 1 branch of the dungeon, and saw 5 of its levels.

You collected 255 gold pieces.

Inventory:

Hand Weapons
 w - a +2 short sword of venom (weapon)
Armour
 a - a +0 robe (worn)
 t - a +0 cloak (worn)
Magical Staves
 n - a staff of conjuration
Jewellery
 i - an amulet of guardian spirit (around neck)
 j - an amulet of faith
 x - an amulet of the acrobat
Wands
 u - a wand of polymorph (6)
Scrolls
 d - 3 scrolls of amnesia {unknown}
 h - a scroll of poison {unknown}
 k - a scroll of noise {unknown}
 m - 2 scrolls of immolation {unknown}
 o - 3 scrolls of identify {unknown}
 p - a scroll of blinking {unknown}
Potions
 b - a potion of magic
 c - a potion of berserk rage {unknown}
 e - a potion of attraction {unknown}
 f - a potion of brilliance {unknown}
 g - 2 potions of curing {unknown}
 l - a potion of invisibility {unknown}
 q - a potion of ambrosia {unknown}
 r - a potion of enlightenment {unknown}
 s - a potion of degeneration {unknown}
 v - a potion of haste {unknown}


   Skills:
 + Level 4.0 Dodging
 - Level 2.4 Stealth
 + Level 4.6 Spellcasting
 * Level 6.2 Conjurations
 + Level 1.3 Air Magic


You had 8 spell levels left.
You knew the following spells:

 Your Spells              Type           Power      Damage    Failure   Level
a - Magic Dart            Conj           100%       1d8       1%          1
b - Airstrike             Air            5%         2d(1-17)  50%         4

Your spell library contained the following spells:

 Spells                   Type           Power      Damage    Failure   Level
 Shock                    Conj/Air       88%        1d8       1%          1
 Searing Ray              Conj           68%        2d6       1%          2
 Sublimation of Blood     Necr           5%         N/A       16%         2
 Swiftness                Air            11%        N/A       17%         3
 Fulminant Prism          Conj/Alch      9%         3d7       26%         4
 Iskenderun's Mystic Bla  Conj/Tloc      19%        2d6       26%         4
 Tukima's Dance           Hex            5%         N/A       30%         3
 Irradiate                Conj/Alch      9%         3d14      58%         5
 Dimensional Bullseye     Hex/Tloc       2%         N/A       69%         4
 Petrify                  Alch/Erth      5%         N/A       69%         4
 Summon Forest            Summ/Tloc      2%         N/A       95%         5
 Eringya's Noxious Bog    Alch           2%         4d6       100%        6
 Haunt                    Necr/Summ      2%         N/A       100%        7
 Summon Hydra             Summ           2%         N/A       100%        7
 Borgnjor's Revivificati  Necr           2%         N/A       100%        8
 Death's Door             Necr           2%         N/A       100%        9


Dungeon Overview and Level Annotations

Branches:
Dungeon (5/15)
 Temple: D:4-7

Altars:
Okawaru
Zin

Annotations:
D:4 2 transporters
D:5 Sigmund


Message History

Aim: an orc wizard, wielding a +0 dagger and wearing a +0 robe (100% to hit)
You feel a surge of power!
The magic dart hits the orc wizard.
The orc wizard is moderately wounded.
Something hits you.
You miss something. Something hits you.
Unknown command.
You hear some strange, mumbled words.
You are confused.
You hear the slow hiss of a very distant avalanche of sand.
Something hits you.
There is a stone staircase leading up here.
You hear some strange, mumbled words.
A magic dart appears from out of thin air!
The magic dart hits you!
The orc wizard points at you and mumbles some strange words.
You are more confused.
In your confused state, you trip and fall back down the stairs.
Something barely misses you.
The orc wizard points at you and mumbles some strange words.
You resist with some effort. Something hits you.
* * * LOW HITPOINT WARNING * * *
You climb upwards.
Level annotation: 2 transporters Reactivating autopickup.
There is a stone staircase leading down here.
You bump into the rock wall.
Something hits you but does no damage.
Deactivating autopickup; reactivate with Ctrl-A.
You bump into the rock wall.
Something barely misses you.
You bump into the rock wall.
Something hits you.
You bump into the rock wall.
Something barely misses you.
You bump into the rock wall.
You feel less confused. Something barely misses you.
Your +2 short sword of venom begins to drip with poison!
w - a +2 short sword of venom (weapon)
You hear some strange, mumbled words.
A puff of flame appears from out of thin air!
The puff of flame hits you!
You die...

#...# #...# #...#
#...# #...#
#...##########
#...##.......#
##...##.......####
......'........{@#
##...##.......##.#
#######.......##.#
# ############.#
### #............#
..###............#
#..##............#
##.##............#
.#...............#


There were no monsters in sight!

Vanquished Creatures
  A hound (D:5)
  An iguana (D:4)
  4 gnolls (D:3)
  7 adders
  A dart slug (D:4)
  2 ribbon worms
  6 orcs
  7 bats
  5 endoplasms
  A giant cockroach (D:2)
  7 goblins
  6 hobgoblins
  A jackal (D:5)
  6 kobolds
  3 quokkas
  8 ball pythons
  3 frilled lizards
  5 rats
74 creatures vanquished.

Notes
Turn   | Place    | Note
-------+----------+-------------------------------------------
     0 | D:1      | Descartes the Deep Elf Conjurer began the quest for the
                  | Orb.
     0 | D:1      | Reached XP level 1. HP: 10/10 MP: 6/6
   287 | D:1      | Reached XP level 2. HP: 15/15 MP: 5/8
  1147 | D:2      | Reached skill level 5 in Conjurations
  1229 | D:2      | Reached XP level 3. HP: 19/19 MP: 6/10
  1330 | D:2      | Found an iron altar of Okawaru.
  2028 | D:3      | Reached XP level 4. HP: 24/24 MP: 6/11
  2372 | D:3      | Learned a level 4 spell: Airstrike
  2817 | D:3      | Reached XP level 5. HP: 28/28 MP: 6/13
  2978 | D:4      | Found a transporter.
  2981 | D:4      | Found a transporter.
  2983 | D:4      | Noticed an orc warrior
  2985 | D:4      | Found a glowing silver altar of Zin.
  3025 | D:4      | Noticed a water moccasin
  3051 | D:4      | Reached skill level 6 in Conjurations
  3106 | D:4      | Reached skill level 1 in Air Magic
  3830 | D:5      | Entered Level 5 of the Dungeon
  3841 | D:5      | Noticed Sigmund
  3841 | D:5      | Noticed a phantom
  3940 | D:4      | Killed from afar by an orc wizard

Illustrated notes

Levels and vault maps discovered:
D:1:      dpeg_arrival_houses_and_road, layout_loops_corners
D:2:      layout_loops_cross, basic_altar, nicolae_figureground_sparkle
D:3:      layout_rooms
D:4:      layout_basic, gammafunk_temple_overflow_arena
D:5:      layout_cave_pools, enter_ossuary_3, serial_gnoll_camp,
          gnoll_camp_mini_basic, gnoll_camp_medium_02, gnoll_camp_mini_shop,
          gnoll_camp_mini_basic, gnoll_camp_mini_house, serial_shops,
          nicolae_inconvenience_store, uniq_sigmund

Skill      XL: |  1  2  3  4  5 |
---------------+----------------+-----
Conjurations   | 5 6 |  6.2
Dodging        | 3 4 |  4.0
Spellcasting   | 4 |  4.6
Air Magic      | 1 |  1.3
Stealth        | |  2.4

Action                     |  1- 3 |  4- 6 || total
---------------------------+-------+-------++-------
  Melee: Staff             |       |     1 ||     1
   Cast: Magic Dart        |    64 |   100 ||   164
 Armour: Robe              |       |    17 ||    17
  Dodge: Dodged            |     4 |    16 ||    20

Table legend: (Time is in decaauts)
 A = Elapsed time spent in this place.
 B = Non-inter-level travel time spent in this place.
 C = Inter-level travel time spent in this place.
 D = Time resting spent in this place.
 E = Time spent auto-exploring this place.
 F = Levels seen in this place.
 G = Mean time per level.
                   A        B        C        D        E       F      G
               +--------+--------+--------+--------+--------+-----+--------+
         Total |   3939 |   3799 |    140 |      0 |   3417 |   5 |  787.8 |
       Dungeon |   3939 |   3799 |    140 |      0 |   3417 |   5 |  787.8 |
               +--------+--------+--------+--------+--------+-----+--------+

Top non-repeatable levels by time:
     D:1: 1100 daAuts
     D:2: 1000 daAuts
     D:4: 932 daAuts
     D:3: 822 daAuts
     D:5: 84 daAuts
